 Dungeon Crawl Stone Soup version 0.25-a0-201-g0bb11aece9 (webtiles) character file.

Game seed: 16266151323488933555, levelgen mode: deterministic

1321088 trivialoptimal the Eclecticist (level 24, 112/112 HPs)
             Began as a Felid Necromancer on Dec 2, 2019.
             Was the Champion of Ru.
             Escaped with the Orb
             ... and 3 runes!
             The game lasted 04:32:31 (108791 turns).

trivialoptimal the Eclecticist (FeNe)             Turns: 108791, Time: 04:32:32

Health: 112/112    AC:  2    Str:  4    XL:     24   Next: 83%
Magic:  37/47      EV: 38    Int: 37    God:    Ru [******]
Gold:   621        SH:  0    Dex: 29    Spells: 0/62 levels left
                                        Lives:  2   Deaths: 2

rFire    + + .     SeeInvis +     - Unarmed
rCold    + . .     Gourm    .   (shield unavailable)
rNeg     . . .     Faith    .   (armour unavailable)
rPois    +         Spirit   +   (helmet unavailable)
rElec    +         Reflect  .   (cloak unavailable)
rCorr    .         Harm     .   (gloves unavailable)
MR       ++++.     Rnd*Rage +   (boots unavailable)
Stlth    +.........             V - amulet "Olesagg" {Spirit rF++ Int+6 Stlth-}
HPRegen  0.28/turn              c - ring "Gism" {+Fly MR+ Int+2 Dex+5}
MPRegen  0.30/turn              P - +5 ring of intelligence

@: very slightly contaminated, lightly drained, quick
A: very small, no armour, no weapons or thrown items, stealth, claws 1, fangs 3,
molten scales 1, yellow scales 1, see invisible, agile 2, berserk 1, carnivore,
speed 1, poison resistance, shaggy fur 3, electricity resistance, slow
metabolism 1, wild magic 1, inability to drink while threatened, reduced AC 1,
unskilled 1, inexperienced 1, sharp paws
0: Orb of Zot
}: 3/15 runes: serpentine, barnacled, slimy
a: Draw Out Power, Power Leap, Apocalypse, Renounce Religion, Evoke Flight


You escaped.
You worshipped Ru.
Ru was exalted by your worship.
You were very full.

You visited 10 branches of the dungeon, and saw 53 of its levels.
You visited 1 bazaar.
You also visited: Ice Cave, Volcano and Wizlab.

You collected 5793 gold pieces.
You spent 5172 gold pieces at shops.

Inventory:

Jewellery
 c - the ring "Gism" (left paw) {+Fly MR+ Int+2 Dex+5}
   (You found it in a wizard's laboratory)

   [ring of flight]

   It affects your intelligence (+2).
   It affects your dexterity (+5).
   It affects your resistance to hostile enchantments.
   It lets you fly.
 j - the ring "Ubuod" {rPois MR+ Str+3 Dex-2}
   (You found it on level 1 of the Snake Pit)

   [ring of dexterity]

   It affects your strength (+3).
   It affects your dexterity (-2).
   It protects you from poison.
   It affects your resistance to hostile enchantments.
 o - an uncursed ring of protection from cold
   (You found it on level 5 of the Pits of Slime)
 r - an uncursed ring of positive energy
   (You found it on level 4 of the Dungeon)
 y - a +4 ring of evasion
   (You bought it in a shop on level 5 of the Dungeon)
 z - the amulet "Uwiasalo" {RegenMP rF+ MR+ Int+4 Dex-5}
   (You found it on level 7 of the Dungeon)

   [amulet of magic regeneration]

   It increases your magic regeneration.
   It affects your intelligence (+4).
   It affects your dexterity (-5).
   It protects you from fire.
   It affects your resistance to hostile enchantments.
 I - the ring of Nedeowel {Ice rElec Int+3 SInv}
   (You bought it in a shop on level 1 of the Depths)

   [ring of ice]

   It enhances your ice magic.
   It affects your intelligence (+3).
   It makes you vulnerable to fire.
   It protects you from cold.
   It insulates you from electricity.
   It lets you see invisible.
 L - the amulet of Vitality {Regen+ HP+15}
   (You found it on level 6 of the Lair of Beasts)

   [amulet of regeneration]

   It affects your health (+15).
   It increases your rate of regeneration.
 P - a +5 ring of intelligence (right paw)
   (You bought it in a shop on level 5 of the Dungeon)
 V - the amulet "Olesagg" (around neck) {Spirit rF++ Int+6 Stlth-}
   (You bought it in a shop on level 13 of the Dungeon)

   [amulet of guardian spirit]

   It causes incoming damage to be split between your health and magic.
   It affects your intelligence (+6).
   It greatly protects you from fire.
   It makes you less stealthy.
Wands
 p - a wand of iceblast (36)
   (You took it off a gnoll on level 4 of the Dungeon)
 s - a wand of acid (14)
   (You took it off Pikel on level 5 of the Dungeon)
 C - a wand of clouds (12)
   (You found it on level 9 of the Dungeon)
 F - a wand of digging (4)
   (You found it on level 2 of the Lair of Beasts)
 G - a wand of paralysis (29)
   (You found it on level 6 of the Lair of Beasts)
 J - a wand of scattershot (4)
   (You found it on level 4 of the Lair of Beasts)
 K - a wand of flame (51)
   (You found it on level 6 of the Lair of Beasts)
 M - a wand of enslavement (24)
   (You found it on level 4 of the Shoals)
Scrolls
 a - 25 scrolls of teleportation
 b - 7 scrolls of amnesia
 g - 18 scrolls of remove curse
 l - 7 scrolls of immolation
 m - 8 scrolls of fear
 n - 11 scrolls of fog
 v - 2 scrolls of magic mapping
 x - 6 scrolls of blinking
 B - 10 scrolls of identify
 H - 6 scrolls of summoning
 N - a scroll of vulnerability
 O - 5 scrolls of holy word
Potions
 e - 6 potions of flight
 f - 19 potions of curing
 h - 10 potions of might
 i - 8 potions of heal wounds
 k - 6 potions of brilliance
 q - 5 potions of agility
 t - 6 potions of berserk rage
 u - 6 potions of haste
 w - a potion of cancellation
 D - 5 potions of lignification
 E - 15 potions of mutation
 Q - 3 potions of ambrosia
 R - 3 potions of magic
 S - 2 potions of invisibility
 Z - 2 potions of resistance
Miscellaneous
 A - 4 sacks of spiders
 T - a phial of floods
   (You found it on level 3 of the Elven Halls)
 U - 4 boxes of beasts
 X - a lamp of fire
   (You found it on level 3 of the Elven Halls)
 Y - a fan of gales
   (You found it on level 3 of the Elven Halls)
Comestibles
 d - 76 rations


   Skills:
 - Level 15.0(14.7) Fighting
 - Level 18.0(17.7) Dodging
 - Level 2.8(2.7) Stealth
 - Level 7.1(6.9) Unarmed Combat
 - Level 19.5(19.3) Spellcasting
 - Level 15.0(14.7) Conjurations
 - Level 9.0(8.8) Charms
 - Level 12.0(11.7) Summonings
 + Level 16.9(16.7) Necromancy
 - Level 6.0(5.8) Transmutations
 - Level 6.3(6.1) Air Magic
 - Level 12.1(11.8) Earth Magic
 - Level 10.0(9.8) Evocations


You couldn't memorise any spells.
You knew the following spells:

 Your Spells              Type           Power        Failure   Level  Hunger
a - Haunt                 Necr/Summ      ########..   3%          7    None
b - Agony                 Necr           ########     1%          5    None
c - Deflect Missiles      Chrm/Air       #######...   10%         6    None
d - Summon Lightning Spi  Summ/Air       #######.     1%          4    None
e - Borgnjor's Vile Clut  Necr/Erth      ########..   1%          5    None
f - Iron Shot             Conj/Erth      ########..   1%          6    None
g - Spellforged Servitor  Conj/Summ      ########..   5%          7    None
h - Statue Form           Tmut/Erth      #######..    5%          6    None
i - Irradiate             Conj/Tmut      #######...   1%          5    None
w - Regeneration          Chrm/Necr      ########..   1%          3    None
P - Borgnjor's Revivific  Necr           ########..   10%         8    ####...

Your spell library contained the following spells:

 Spells                   Type           Power        Failure   Level  Hunger
 Animate Skeleton         Necr           N/A          1%          1    None
 Apportation              Tloc           #####.       1%          1    None
 Beastly Appendage        Tmut           ######       1%          1    None
 Confusing Touch          Hex            #####.       1%          1    None
 Corona                   Hex            #####..      1%          1    None
 Magic Dart               Conj           ####         1%          1    None
 Pain                     Necr           ####         1%          1    None
 Shock                    Conj/Air       ####         1%          1    None
 Sting                    Conj/Pois      ####         1%          1    None
 Summon Butterflies       Summ           ########     1%          1    None
 Summon Small Mammal      Summ           ####         1%          1    None
 Call Imp                 Summ           ########     1%          2    None
 Corpse Rot               Necr           N/A          1%          2    None
 Poisonous Vapours        Pois/Air       ######       1%          2    None
 Searing Ray              Conj           ######       1%          2    None
 Shroud of Golubria       Chrm/Tloc      ######       1%          2    None
 Sublimation of Blood     Necr           ########..   1%          2    None
 Swiftness                Chrm/Air       #######.     1%          2    None
 Throw Flame              Conj/Fire      ######       1%          2    None
 Throw Frost              Conj/Ice       ######       1%          2    None
 Call Canine Familiar     Summ           ########     1%          3    None
 Conjure Flame            Conj/Fire      #######.     1%          3    None
 Dazzling Spray           Conj/Hex       ######       1%          3    None
 Mephitic Cloud           Conj/Pois/Air  #######.     1%          3    None
 Recall                   Summ/Tloc      N/A          1%          3    None
 Spider Form              Tmut/Pois      ######....   1%          3    None
 Static Discharge         Conj/Air       #######.     1%          3    None
 Summon Guardian Golem    Hex/Summ       #######.     1%          3    None
 Vampiric Draining        Necr           ########..   1%          3    None
 Airstrike                Air            #######...   1%          4    None
 Animate Dead             Necr           N/A          1%          4    None
 Force Lance              Conj/Tloc      #######.     1%          4    None
 Fulminant Prism          Conj/Hex       #######...   1%          4    None
 Iskenderun's Mystic Bla  Conj           ########     1%          4    None
 Leda's Liquefaction      Hex/Erth       #######...   1%          4    None
 Petrify                  Tmut/Erth      #######.     1%          4    None
 Summon Ice Beast         Ice/Summ       #######.     1%          4    None
 Bolt of Draining         Conj/Necr      ########..   1%          5    None
 Bolt of Magma            Conj/Fire/Erth #######...   1%          5    None
 Dispel Undead            Necr           ########     1%          5    None
 Iskenderun's Battlesphe  Conj/Chrm      ########     1%          5    None
 Lightning Bolt           Conj/Air       #######...   1%          5    None
 Death Channel            Necr           ########..   1%          6    None
 Blink                    Tloc           N/A          2%          2    None
 Slow                     Hex            #####...     2%          2    None
 Ignite Poison            Fire/Tmut/Pois ######..     2%          3    None
 Fireball                 Conj/Fire      #######...   2%          5    None
 Venom Bolt               Conj/Pois      #######...   2%          5    None
 Conjure Ball Lightning   Conj/Air       #######...   3%          6    None
 Orb of Destruction       Conj           ########..   3%          7    None
 Confuse                  Hex            #####...     4%          3    None
 Gell's Gravitas          Tloc           #####.....   4%          3    None
 Inner Flame              Hex/Fire       #####...     4%          3    None
 Lesser Beckoning         Tloc           #####.....   4%          3    None
 Teleport Other           Tloc           #####...     4%          3    None
 Ice Form                 Ice/Tmut       ######..     4%          4    None
 Blade Hands              Tmut           #######...   4%          5    None
 Simulacrum               Ice/Necr       #######...   7%          6    None
 Bolt of Cold             Conj/Ice       #######...   10%         6    None
 Poison Arrow             Conj/Pois      #######...   10%         6    None
 Infestation              Necr           ########..   10%         8    ####...
 Alistair's Intoxication  Tmut/Pois      ######..     11%         5    None
 Silence                  Hex/Air        ######....   11%         5    None
 Yara's Violent Unravell  Hex/Tmut       ######....   11%         5    None
 Cause Fear               Hex            #####.....   13%         4    None
 Olgreb's Toxic Radiance  Pois           #####...     13%         4    None
 Hydra Form               Tmut           #######...   17%         6    None
 Metabolic Englaciation   Hex/Ice        #####.....   32%         5    None
 Lehudib's Crystal Spear  Conj/Erth      ########..   32%         8    ####...
 Death's Door             Chrm/Necr      ########..   36%         8    ####...
 Necromutation            Tmut/Necr      ########..   56%         8    ####...
 Dragon Form              Tmut           #######...   63%         7    None
 Chain Lightning          Conj/Air       #######...   67%         8    ####...
 Discord                  Hex            #####.....   100%        8    ####...
 Disjunction              Tloc           #####.....   100%        8    ####...
 Ignition                 Fire           #####.....   100%        8    ####...
 Dragon's Call            Summ           ########..   100%        9    #####..
 Fire Storm               Conj/Fire      #######...   100%        9    #####..
 Glaciate                 Conj/Ice       #######...   100%        9    #####..
 Shatter                  Erth           ########..   100%        9    #####..
 Tornado                  Air            #######...   100%        9    #####..
 Excruciating Wounds      Chrm/Necr      Unusable     N/A         5    N/A
 Portal Projectile        Hex/Tloc       Unusable     N/A         3    N/A
 Passage of Golubria      Tloc           Unusable     N/A         4    N/A

Dungeon Overview and Level Annotations

Branches:
Dungeon (15/15)            Temple (0/1) D:7            Lair (6/6) D:8
 Shoals (4/4) Lair:4        Snake (4/4) Lair:4        Slime (5/5) Lair:6
    Orc (2/2) D:11            Elf (3/3) Orc:2        Vaults (4/5) D:13
  Crypt (0/3) Vaults:2     Depths (5/5) D:15            Zot (5/5) Depths:5
  IceCv (visited)         Volcano (visited)          WizLab (visited)

Altars:
Dithmenos
Fedhas
Gozag
Kikubaaqudgha
Ru
Vehumet
Wu Jian
The Shining One
Beogh
Jiyva

Shops:
D:5 =   D:12 [   D:13 =*   Orc:1 }   Orc:2 *[*(:   Elf:3 :   Shoals:1 %*(??
Vaults:3 !   Depths:1 ?}}=   Depths:3 %

Portals:
Hell: Depths:1 Depths:2 Depths:3 Depths:4 Depths:5
Abyss: Depths:1 Depths:3 Depths:4 Depths:5
Pandemonium: Depths:3 Depths:4 Depths:5
Ziggurat: Depths:4

Annotations:
D:8 exclusion: two-headed ogre
D:10 Erolcha, Snorg
D:14 1 runed translucent door
Lair:2 exclusion: oklob plant
Lair:4 exclusion: oklob plant
Lair:5 exclusion: 3 oklob plants
Slime:4 exclusion: upstairs
Elf:2 5 runed translucent doors
Zot:4 3 runed translucent doors, exclusion: obsidian statue, Fiunann's ghost, legendary BaWn


Innate Abilities, Weirdness & Mutations

You cannot wear armour.
You are incapable of wielding weapons or throwing items.
Your paws allow you to move quietly. (Stealth)
You have sharp claws.
You have razor-sharp teeth.
You have supernaturally acute eyesight. (SInv)
You are carnivorous and can eat meat at any time.
You cover ground quickly.
Your thick and shaggy fur keeps you warm. (AC +3, rC+)
You have a slow metabolism.
You cannot drink potions while threatened.
You take slightly more damage. (AC -5)
You are somewhat unskilled. (-1 Apt)
You are somewhat inexperienced. (-2 XL)
Your sharp claws are effective at attacking unaware monsters.
You are partially covered in molten scales. (AC +2)
You are partially covered in yellow scales. (AC +2)
You are very agile. (Dex +4)
You tend to lose your temper in combat.
Your system is resistant to poisons. (rPois)
You are resistant to electric shocks. (rElec)
Your spells are a little harder to cast, but a little more powerful.


Message History

There is an open door here.
There is an open door here.
There is an open door here.
Evoke which item? (* to show all) (? for menu, Esc to quit)
Aiming: Dig
Press: ? - help, Shift-Dir - straight line You can't see that place. [the floor.]
The rock shatters into small pieces.
Unknown command.
A red devil comes into view. It is wielding a +0 trident.
A balrug comes into view.
It is wielding a +2 demon whip of electrocution.
There is an open door here.
A sun demon comes into view.
The sun demon shouts!
There is an open door here.
There is an open door here.
There is an open door here.
Evoke which item? (* to show all) (? for menu, Esc to quit)
Aiming: Dig
Press: ? - help, Shift-Dir - straight line, f - you Please select a direction to dig.
This square is covered in magical glow.
The rock shatters into small pieces.
Unknown command.
Your extra speed is starting to run out.
There is an open door here.
There is an open door, spattered with blood here.
You feel yourself slow down.
There is a staircase back to the Dungeon, spattered with blood here.
Unknown command.
You climb upwards.
Welcome back to the Dungeon!
There is a staircase to the Depths here.
Unknown command.
Unknown command.
(D) Dungeon (T) Temple (L) Lair (A) Shoals (P) Snake Pit (M) Slime Pits (O) Orcish Mines (E) Elven Halls (V) Vaults (C) Crypt (U) Depths (H) Hell (Z) Zot
Where to? (Enter - D:1 @ (x,y), ? - help)
There is an open door here.
Magic restored.
You see here 2 bolts.
There is an open door, spattered with blood here.
You see here an arrow.
You see here an arrow.
Things that are here:
a +0 giant club x2
An Orb Guardian comes into view.
You see here a +0 robe.
Casting: Iron Shot (safe; 1% risk of failure)
Confirm with . or Enter, or press ? or * to list all spells.
You can't see any susceptible monsters within range! (Use Z to cast anyway.)
Casting: Iron Shot (safe; 1% risk of failure)
Confirm with . or Enter, or press ? or * to list all spells.
You summon a servant imbued with your destructive magic!
Your spellforged servitor hums quietly as it recharges.
You see here a +0 robe.
Casting: Spellforged Servitor (slightly dangerous; 5% risk of failure)
Confirm with . or Enter, or press ? or * to list all spells.
Aiming: Iron Shot (safe; 1% risk of failure)
Press: ? - help, Shift-Dir - straight line, f - Orb Guardian
Aim: an Orb Guardian The iron shot hits the Orb Guardian!!!
The Orb Guardian is heavily wounded.
Your spellforged servitor points at the Orb Guardian and mumbles some strange words.
The iron shot hits the Orb Guardian!!!
The Orb Guardian dies!
Casting: Iron Shot (safe; 1% risk of failure)
Confirm with . or Enter, or press ? or * to list all spells.
Okay, then.
There is a stone staircase leading up, spattered with blood here.
You climb upwards.
Your summoned ally is left behind.
Level annotation: 1 runed translucent door
There is a stone staircase leading down here.
(D) Dungeon (T) Temple (L) Lair (A) Shoals (P) Snake Pit (M) Slime Pits (O) Orcish Mines (E) Elven Halls (V) Vaults (C) Crypt (U) Depths (H) Hell (Z) Zot
Where to? (Enter - D:1 @ (x,y), ? - help)
There is a stone staircase leading up here.
You climb upwards.
There is a stone staircase leading down here.
A chaos spawn comes into view.
There is a stone staircase leading up here.
You climb upwards.
There is a stone staircase leading down here.
(D) Dungeon (T) Temple (L) Lair (A) Shoals (P) Snake Pit (M) Slime Pits (O) Orcish Mines (E) Elven Halls (V) Vaults (C) Crypt (U) Depths (H) Hell (Z) Zot
Where to? (Enter - D:1 @ (x,y), ? - help)
There is an open door here.
A hell hound comes into view.
The hell hound barks!
A hell hound comes into view.
The hell hound moves out of view.
A hell hound comes into view.
The hell hound moves out of view.
There is a stone staircase leading up here.
The hell hound begins to attack, but is stunned by your will!
You climb upwards.
There is a stone staircase leading down here.
(D) Dungeon (T) Temple (L) Lair (A) Shoals (P) Snake Pit (M) Slime Pits (O) Orcish Mines (E) Elven Halls (V) Vaults (C) Crypt (U) Depths (H) Hell (Z) Zot
Where to? (Enter - D:1 @ (x,y), ? - help)
You see here a throwing net.
A sixfirhy, an orange demon and a cacodemon come into view.
You hear a grinding noise.
The sixfirhy completely misses you. The sixfirhy misses you.
You hear a grinding noise.
You hear a grinding noise.
Casting: Iron Shot (safe; 1% risk of failure)
Confirm with . or Enter, or press ? or * to list all spells.
Aiming: Iron Shot (safe; 1% risk of failure)
Press: ? - help, Shift-Dir - straight line, f - sixfirhy
Aim: a sixfirhy The iron shot hits the sixfirhy!!!
You kill the sixfirhy!
Your life force feels restored.
There is a stone staircase leading down here.
You hear a grinding noise.
You hear a grinding noise.
You hear a grinding noise.
Some rock shatters into small pieces.
There is an escape hatch in the ceiling here.
Really go through this one-way escape hatch?
A mysterious force pulls you upwards. The hatch slams shut behind you.
Level annotation: Erolcha, Snorg A shadow demon comes into view.
Casting: Iron Shot (safe; 1% risk of failure)
Confirm with . or Enter, or press ? or * to list all spells.
Aiming: Iron Shot (safe; 1% risk of failure)
Press: ? - help, Shift-Dir - straight line, f - shadow demon
Aim: a shadow demon The iron shot hits the shadow demon!!!
You kill the shadow demon!
(D) Dungeon (T) Temple (L) Lair (A) Shoals (P) Snake Pit (M) Slime Pits (O) Orcish Mines (E) Elven Halls (V) Vaults (C) Crypt (U) Depths (H) Hell (Z) Zot
Where to? (Enter - D:1 @ (x,y), ? - help)
There is a stone staircase leading up here.
You climb upwards.
There is a stone staircase leading down here.
Magic restored.
There is a stone staircase leading up here.
You climb upwards.
Level annotation: exclusion: two-headed ogre
There is a stone staircase leading down here.
There is a stone staircase leading up here.
You climb upwards.
There is a stone staircase leading down here.
There is a stone staircase leading up here.
You climb upwards.
There is a stone staircase leading down here.
There is a stone staircase leading up, spattered with blood here.
You climb upwards.
There is a stone staircase leading down, spattered with blood here.
Things that are here:
a +0 robe; a +0 whip of flaming
There is a stone staircase leading up here.
There is a stone staircase leading up here.
You climb upwards.
There is a stone staircase leading down here.
There is a stone staircase leading up here.
You climb upwards.
There is a stone staircase leading down here.
There is a stone staircase leading up here.
You climb upwards.
There is a stone staircase leading down here.
Things that are here:
a +0 ring mail; 3 boomerangs You see here a +0 club.
There is an open door here.
There is an open door here.
You see here a +0 dagger.
An Orb Guardian comes into view.
Casting: Iron Shot (safe; 1% risk of failure)
Confirm with . or Enter, or press ? or * to list all spells.
Aiming: Iron Shot (safe; 1% risk of failure)
Press: ? - help, Shift-Dir - straight line, f - Orb Guardian
Aim: an Orb Guardian The iron shot hits the Orb Guardian!!!
The Orb Guardian is heavily wounded.
Casting: Iron Shot (safe; 1% risk of failure)
Confirm with . or Enter, or press ? or * to list all spells.
Aiming: Iron Shot (safe; 1% risk of failure)
Press: ? - help, Shift-Dir - straight line, f/p - Orb Guardian
Aim: an Orb Guardian (heavily wounded)
The iron shot hits the Orb Guardian!!
The Orb Guardian is almost dead.
Casting: Iron Shot (safe; 1% risk of failure)
Confirm with . or Enter, or press ? or * to list all spells.
Aiming: Iron Shot (safe; 1% risk of failure)
Press: ? - help, Shift-Dir - straight line, f/p - Orb Guardian
Aim: an Orb Guardian (almost dead)
The iron shot hits the Orb Guardian!!!
You kill the Orb Guardian!
(D) Dungeon (T) Temple (L) Lair (A) Shoals (P) Snake Pit (M) Slime Pits (O) Orcish Mines (E) Elven Halls (V) Vaults (C) Crypt (U) Depths (H) Hell (Z) Zot
Where to? (Enter - D:1 @ (x,y), ? - help)
A Tzitzimitl comes into view.
Casting: Iron Shot (safe; 1% risk of failure)
Confirm with . or Enter, or press ? or * to list all spells.
You turn into a living statue of rough stone.
Unknown command.
Casting: Statue Form (slightly dangerous; 5% risk of failure)
Confirm with . or Enter, or press ? or * to list all spells.
You erupt in a fountain of uncontrolled magic!
The Tzitzimitl is blasted with magical radiation!!!
The Tzitzimitl is heavily wounded.
The Tzitzimitl twists and deforms.
You are very lightly contaminated with residual magic.
The Tzitzimitl calls on the powers of darkness!
Your body is wracked with pain!
Unknown command.
Casting: Irradiate (safe; 1% risk of failure)
Confirm with . or Enter, or press ? or * to list all spells.
You erupt in a fountain of uncontrolled magic!
The Tzitzimitl is blasted with magical radiation!!!
The Tzitzimitl is almost dead.
The Tzitzimitl twists and deforms.
The Tzitzimitl calls on the powers of darkness!
Your body is wracked with pain!
You feel threatened and lose the ability to drink potions!
You focus your will and blind the Tzitzimitl in retribution!
The Tzitzimitl begins to attack, but is stunned by your will!
Unknown command.
Casting: Irradiate (safe; 1% risk of failure)
Confirm with . or Enter, or press ? or * to list all spells.
Aiming: Iron Shot (safe; 1% risk of failure)
Press: ? - help, Shift-Dir - straight line, f - Tzitzimitl
Aim: a Tzitzimitl (severely wounded, blind, misshapen and mutated)
The iron shot hits the Tzitzimitl!!!
You kill the Tzitzimitl!
Unknown command.
You are restored by drawing out deep reserves of power within.
You feel drained.
You cannot drink potions in your current state!
Unknown command.
You revert to your normal fleshy form.
(D) Dungeon (T) Temple (L) Lair (A) Shoals (P) Snake Pit (M) Slime Pits (O) Orcish Mines (E) Elven Halls (V) Vaults (C) Crypt (U) Depths (H) Hell (Z) Zot
Where to? (Enter - D:1 @ (x,y), ? - help)
You can drink potions again.
You feel less exhausted.
There is an open door here.
HP restored.
There is a stone staircase leading up here.
You climb upwards.
There is a stone staircase leading down here.
An Executioner comes into view.
The Executioner gives a hideous shriek!
The Executioner gestures.
The Executioner seems to speed up.
Magic courses through your body.
Casting: Iron Shot (safe; 1% risk of failure)
Confirm with . or Enter, or press ? or * to list all spells.
You turn into a living statue of rough stone.
The Executioner closely misses you. The Executioner completely misses you.
The Executioner hits you but does no damage. x3
The Executioner completely misses you.
Casting: Statue Form (slightly dangerous; 6% risk of failure)
Confirm with . or Enter, or press ? or * to list all spells.
You erupt in a fountain of uncontrolled magic!
The Executioner is blasted with magical radiation!!!
The Executioner is severely wounded.
The Executioner twists and deforms.
The Executioner completely misses you. x2
The Executioner misses you.
The Executioner hits you but does no damage.
The Executioner misses you.
The Executioner hits you but does no damage.
The Executioner is stunned by your will and fails to attack.
The Executioner hits you but does no damage.
The Executioner misses you.
The Executioner hits you but does no damage.
Unknown command.
Casting: Irradiate (safe; 1% risk of failure)
Confirm with . or Enter, or press ? or * to list all spells.
Aiming: Iron Shot (safe; 1% risk of failure)
Press: ? - help, Shift-Dir - straight line, f - Executioner
Aim: an Executioner (severely wounded, fast, misshapen and mutated)
The iron shot hits the Executioner!!!
You kill the Executioner!
You revert to your normal fleshy form.
(D) Dungeon (T) Temple (L) Lair (A) Shoals (P) Snake Pit (M) Slime Pits (O) Orcish Mines (E) Elven Halls (V) Vaults (C) Crypt (U) Depths (H) Hell (Z) Zot
Where to? (Enter - D:1 @ (x,y), ? - help)
There is a staircase leading out of the dungeon here.
Enter note: gg You have escaped!

# #...#.#.#.#.#.#.#.#[..######
######.##.........[.....##......#
.......#..........#......######.#
#####.###.......#.......## #.# ##
#.##......#....#.....# #(# .#
#.###...#.......(...## #.# .#
#.##..#...#.#.#.#....# #.. .#
#.###...............## ##. .#
#.##...#..#.@.#(.#.).# #. .#
#.###...............## #. .#
#.##....#.#.#.#...#..# #.
.####.###.......)...#...## #.
......##.....#..(.#......# #.
#########.......#.......########.
#......#..........#.......
######...............##.####..
####.....#.#.#.#.#.#.#.#...# #..


There were no monsters in sight!

Vanquished Creatures
  the Royal Jelly (Slime:5)
  Mara (Depths:1)
  5 orbs of fire
  3 ancient liches (Zot:5)
  2 Killer Klowns (Zot:5)
  A curse toe (Zot:5)
  Saint Roka (Elf:3)
  4 golden dragons
  Nikola (Depths:1)
  A bone dragon (Vaults:2)
  A mutant beast (WizLab)
  A Tzitzimitl (D:2)
  3 liches
  6 tentacled monstrosities
  A titan (Depths:3)
  18 Orb Guardians
  The ghost of Vittap the Spry, an adept SpEn of Kikubaaqudgha (Elf:1)
  2 deep elf master archers (Elf:3)
  Asterion (Depths:1)
  22 acid blobs
  3 deep elf blademasters (Elf:3)
  A kraken (Shoals:4)
  An Executioner (D:1)
  A quicksilver dragon (Zot:4)
  5 sphinxes
  2 death cobs
  The ghost of Onof the Impaler, an adept MfIE of Makhleb (Snake:1)
  A tengu reaver (Depths:3)
  5 storm dragons
  4 shadow dragons
  8 nagarajas
  Donald (Orc:2)
  9 frost giants
  11 azure jellies
  8 deep elf sorcerers
  A draconian knight (Zot:4)
  6 fire giants
  3 iron dragons
  2 draconian shifters
  A draconian scorcher (Zot:5)
  2 orc warlords (Orc:2)
  4 deep elf elementalists
  3 draconian stormcallers
  16 vault wardens
  9 stone giants
  16 ironheart preservers
  A vampire knight (Depths:5)
  3 draconian annihilators
  7 deep elf demonologists
  23 very ugly things
  4 dire elephants (Lair:6)
  2 green draconians
  7 deep elf annihilators (Elf:3)
  A purple draconian (Zot:5)
  3 white draconians
  A red draconian (Zot:5)
  2 black draconians
  6 spark wasps
  11 ettins
  9 merfolk impalers
  A blizzard demon (Depths:4)
  A green death (Depths:5)
  Josephine (D:10)
  5 fire dragons
  6 death oozes (Slime:5)
  5 deep elf death magi (Elf:3)
  4 merfolk javelineers (Shoals:4)
  5 deep elf high priests (Elf:3)
  16 yaktaur captains
  Harold (Orc:1)
  12 great orbs of eyes
  11 ogre magi
  Fannar (Orc:1)
  11 vault guards
  6 rakshasas
  6 ice dragons
  19 naga warriors
  An anaconda (shapeshifter) (Depths:4)
  A monstrous demonspawn (Depths:5)
  4 hydras
  8 centaur warriors
  2 merfolk avatars
  34 two-headed ogres
  5 tengu warriors
  3 deep troll shamans
  3 alligator snapping turtles
  10 dancing weapons
  2 spriggan air magi
  12 anacondas
  3 death knights
  2 merfolk aquamancers
  6 death yaks
  3 spriggan berserkers
  4 deep troll earth magi
  A satyr (Shoals:3)
  4 orc high priests
  A shock serpent (shapeshifter) (Vaults:2)
  9 shock serpents
  13 naga sharpshooters
  5 hell knights
  4 salamander mystics
  A sixfirhy (D:11)
  An iron golem (WizLab)
  5 deep elf knights
  An entropy weaver zombie (Vaults:3)
  5 iron trolls
  23 deep trolls
  7 large abominations (WizLab)
  A shadow wraith (Vaults:3)
  11 deep elf archers
  2 fire crabs (shapeshifter) (WizLab)
  A shadow demon (D:10)
  A spark wasp zombie (Depths:3)
  14 sea snakes
  A flayed ghost (Vaults:2)
  6 wizards
  A spectral anaconda (Snake:1)
  An unseen horror (D:14)
  6 glowing orange brains
  A death drake (shapeshifter) (WizLab)
  A glowing orange brain (shapeshifter) (Elf:2)
  A gelid demonspawn (Depths:4)
  13 ironbrand convokers
  A sphinx zombie (Depths:2)
  8 naga ritualists
  A lindwurm (Lair:1)
  A kraken simulacrum (Shoals:4)
  2 lindwurms (shapeshifter)
  10 harpies
  Pikel (D:5)
  47 deep elf magi
  A phantasmal warrior (Depths:5)
  A harpy (shapeshifter) (WizLab)
  10 mana vipers
  9 orc sorcerers
  6 necromancers
  An oklob plant (Snake:3)
  5 shining eyes
  20 orc knights
  9 manticores
  A fire giant zombie (Vaults:3)
  A stone giant zombie (Depths:2)
  13 salamanders
  A spectral shock serpent (Snake:1)
  2 salamanders (shapeshifter)
  6 cyclopes
  11 moths of wrath
  61 ugly things
  7 fauns
  An elephant (Lair:6)
  A fire giant skeleton (Vaults:3)
  A stone giant skeleton (Depths:3)
  15 merfolk sirens
  19 vault sentinels
  7 water nymphs
  An eye of devastation (Slime:1)
  2 rust devils
  3 centaur zombies
  A storm dragon simulacrum (Depths:3)
  A titan simulacrum (Depths:2)
  A torpor snail (Lair:2)
  A water nymph (shapeshifter) (Depths:3)
  14 guardian serpents
  A guardian serpent (shapeshifter) (WizLab)
  10 naga magi
  23 black mambas
  3 ice statues (IceCv)
  A black mamba (shapeshifter) (WizLab)
  A spiny frog (shapeshifter) (Elf:1)
  A rime drake (Lair:6)
  6 spiny frogs
  2 komodo dragons
  3 freezing wraiths
  A tormentor (Depths:3)
  An efreet (D:13)
  A komodo dragon (shapeshifter) (WizLab)
  41 yaktaurs
  3 kobold demonologists
  A hellwing (Depths:3)
  7 tengu conjurers
  A queen bee (Lair:5)
  47 merfolk
  A red devil (Depths:4)
  2 meliai (Lair:5)
  3 meliai (shapeshifter) (WizLab)
  A troll (shapeshifter) (WizLab)
  8 trolls
  A tengu simulacrum (Vaults:3)
  4 hornets (Vaults:4)
  2 queen bees (shapeshifter)
  A blink frog (shapeshifter) (WizLab)
  12 blink frogs
  A hornet (shapeshifter) (Vaults:3)
  2 human simulacra (Vaults:3)
  62 slime creatures
  6 wind drakes
  9 snapping turtles
  12 hippogriffs
  A snapping turtle (shapeshifter) (Elf:3)
  8 dream sheep
  An ettin zombie (Depths:2)
  A spectral black mamba (Snake:1)
  A shadow (D:15)
  3 vampires
  6 wraiths
  5 air elementals
  A yak (shapeshifter) (WizLab)
  2 spriggans (shapeshifter) (WizLab)
  A tarantella (shapeshifter) (Depths:4)
  A ynoxinul (Depths:4)
  2 elf zombies (Depths:3)
  18 water elementals
  8 humans (D:13)
  56 yaks
  A wyvern (shapeshifter) (WizLab)
  2 fire elementals
  A basilisk (shapeshifter) (WizLab)
  2 basilisks
  A wyvern (Lair:2)
  2 hogs (shapeshifter) (WizLab)
  A golden eye (shapeshifter) (Vaults:2)
  A golden eye (Slime:1)
  3 spectral nagas (Snake:1)
  A hungry ghost (D:8)
  6 small abominations (WizLab)
  8 vampire mosquitoes
  2 humans (shapeshifter) (WizLab)
  5 chaos spawn
  A neqoxec (Depths:3)
  2 swamp worms (shapeshifter)
  6 wargs
  3 acid dragons
  A soldier ant (D:13)
  46 nagas
  A deep troll skeleton (Vaults:3)
  15 water moccasins
  A water moccasin (shapeshifter) (D:14)
  7 porcupines
  9 floating eyes
  2 hornet zombies
  56 orc warriors
  10 ice beasts
  A black bear (Lair:1)
  6 sky beasts
  3 black bears (shapeshifter) (WizLab)
  An ettin simulacrum (Vaults:3)
  2 slaves (D:5)
  A necrophage (D:6)
  A tengu (shapeshifter) (Vaults:4)
  10 boggarts
  7 eyes of draining
  A phantom (D:13)
  A spriggan simulacrum (Depths:2)
  A black mamba simulacrum (Snake:1)
  31 ogres
  14 centaurs
  3 human skeletons (Vaults:3)
  6 wolves
  9 crocodiles
  7 big kobolds
  15 bullfrogs
  A gnoll sergeant (D:11)
  A bullfrog (shapeshifter) (Vaults:2)
  A salamander simulacrum (Snake:1)
  An earth elemental (Elf:3)
  4 scorpions
  28 killer bees
  2 wights (D:9)
  An electric eel (Snake:3)
  3 howler monkeys (D:12)
  5 jellies
  4 crimson imps
  A quasit (D:8)
  7 hounds
  A hound (shapeshifter) (D:14)
  4 centaur skeletons
  23 orc priests
  27 orc wizards
  A bullfrog skeleton (D:12)
  2 iron imps (Depths:4)
  6 iguanas
  6 hell rats
  15 worker ants
  A hound skeleton (D:5)
  2 worker ant zombies
  13 adders
  2 howler monkey skeletons
  2 naga simulacra (Snake:1)
  15 gnolls
  5 shadow imps
  A white imp (Depths:4)
  2 oozes (Lair:6)
  An adder skeleton (D:9)
  3 worms
  2 dart slugs (D:2)
  2 leopard geckos
  104 orcs
  4 ball pythons
  9 bats
  11 giant cockroaches
  10 goblins
  6 hobgoblins
  14 jackals
  13 kobolds
  3 quokkas
  6 frilled lizards
  A jackal skeleton (D:7)
  A leopard gecko skeleton (D:7)
  2 quokka skeletons
  A rat (D:3)
  10 fungi
  58 plants
  A tentacle (Shoals:4)
2100 creatures vanquished.

Vanquished Creatures (collateral kills)
  5 orbs of fire (Zot:5)
  An ancient lich (Zot:5)
  A Killer Klown (Zot:5)
  3 golden dragons
  A bone dragon (Depths:5)
  2 electric golems (Zot:5)
  9 Orb Guardians
  2 tentacled monstrosities (Zot:1)
  2 acid blobs
  6 storm dragons
  An azure jelly (Slime:4)
  A deep elf sorcerer (Vaults:4)
  2 draconian scorchers
  A fire giant (Depths:5)
  2 frost giants (Vaults:4)
  2 draconian shifters
  A very ugly thing (Depths:4)
  2 draconian stormcallers (Zot:2)
  2 stone giants
  2 draconian annihilators (Zot:4)
  A dire elephant (Lair:6)
  3 black draconians
  3 green draconians
  3 red draconians
  3 white draconians
  A purple draconian (Zot:5)
  A yellow draconian (Zot:5)
  A great orb of eyes (Slime:3)
  A hydra (Lair:4)
  A centaur warrior (D:13)
  A tengu warrior (Depths:2)
  A hell hog (Depths:5)
  Urug (Lair:5)
  A salamander mystic (Snake:2)
  An iron troll (Depths:1)
  An ironbrand convoker (Vaults:4)
  A phantasmal warrior (Depths:5)
  An ugly thing (Depths:4)
  An orc sorcerer (Orc:1)
  A shining eye (Slime:3)
  2 moths of wrath (Zot:5)
  9 elephants
  A naga mage (Snake:2)
  An eye of devastation (shapeshifter) (Depths:5)
  3 spiny frogs (Lair:4)
  A kobold demonologist (D:13)
  4 yaktaurs
  A komodo dragon (Lair:6)
  A merfolk (Lair:4)
  A troll (D:15)
  22 slime creatures
  A raiju (Zot:2)
  2 blink frogs (Lair:4)
  8 hell hounds (Depths:5)
  An orc warrior (Vaults:4)
  An eye of draining (Slime:3)
  An ogre (D:7)
  A wolf (Lair:6)
  3 centaurs
  3 crocodiles
  A bullfrog (Lair:3)
  2 wights (D:9)
  2 crimson imps
  An orc priest (Orc:2)
  A jelly (Lair:6)
  A bullfrog skeleton (D:10)
  A worker ant (D:6)
  2 iguanas
  An orc wizard (D:4)
  An adder (D:7)
  An ooze (Lair:6)
  An adder zombie (D:5)
  3 orcs
  2 goblins
  2 kobolds
  A quokka zombie (D:6)
  3 fungi
  A plant (Lair:6)
170 creatures vanquished.

Vanquished Creatures (others)
  An Orb Guardian (Depths:4)
  A death cob (Zot:5)
  A tengu reaver (Depths:2)
  2 nagarajas (Snake:4)
  A stone giant (Depths:3)
  A great orb of eyes (Slime:2)
  A satyr (Shoals:4)
  A centaur warrior (D:15)
  A deep elf archer (Vaults:1)
  2 unseen horrors
  A manticore (Shoals:3)
  A centaur zombie (D:13)
  A black mamba (Snake:3)
  A spiny frog (Lair:1)
  3 yaktaurs
  A meliai (Lair:4)
  3 hippogriffs
  2 water elementals
  A vampire mosquito (D:14)
  A water moccasin (Lair:4)
  An orc warrior (Orc:1)
  A hound (D:7)
  A worker ant (D:6)
  An orc (D:13)
  27 fungi
  31 plants
  11 tentacles (Shoals:4)
100 creatures vanquished.

Grand Total: 2370 creatures vanquished

Notes
Turn   | Place    | Note
-------+----------+-------------------------------------------
     0 | D:1      | trivialoptimal the Felid Necromancer began the quest for
                  | the Orb.
     0 | D:1      | Reached XP level 1. HP: 7/7 MP: 4/4
    32 | D:1      | Reached skill level 1 in Fighting
   202 | D:1      | Learned a level 1 spell: Animate Skeleton
   457 | D:1      | Reached XP level 2. HP: 10/12 MP: 1/6
   748 | D:1      | why did I do that???????????
  1310 | D:2      | Found a sacrificial altar of Ru.
  1318 | D:2      | Became a worshipper of Ru the Awakened
  1842 | D:2      | Reached XP level 3. HP: 15/16 MP: 4/7
  1987 | D:2      | Reached skill level 1 in Unarmed Combat
  2915 | D:2      | Reached XP level 4. HP: 15/20 MP: 2/8
  2920 | D:2      | Learned a level 3 spell: Vampiric Draining
  4674 | D:3      | this is REALLY tough
  4674 | D:3      | i'm going to explore a bit first and then see
  4675 | D:3      | actually fuck that
  4675 | D:3      | Gained mutation: You are somewhat inexperienced. (-2 XL)
                  | [Ru sacrifice]
  4675 | D:3      | Reached XP level 3. HP: 16/16 MP: 7/7
  4675 | D:3      | Reached XP level 2. HP: 13/13 MP: 6/6
  4675 | D:3      | Reached * piety under Ru
  4675 | D:3      | Reached ** piety under Ru
  4676 | D:3      | Huh, my extra life didn't get removed
  4676 | D:3      | ok that's much better then
  4912 | D:3      | Found an ornate altar of the Wu Jian Council.
  4913 | D:3      | Found an ancient bone altar of Kikubaaqudgha.
  4913 | D:3      | Found a shadowy altar of Dithmenos.
  4914 | D:3      | Found a glowing golden altar of the Shining One.
  4916 | D:3      | ah FUCK
  4916 | D:3      | there's kiku too
  4950 | D:3      | Reached XP level 3. HP: 14/16 MP: 5/7
  6116 | D:4      | nice, acrobat
  6244 | D:4      | Noticed an ogre
  6279 | D:4      | goddamnit, this fucker was awake
  6711 | D:4      | Reached XP level 4. HP: 18/20 MP: 3/8
  6751 | D:4      | whatever.
  7178 | D:4      | Killed an ogre
  7178 | D:4      | Reached XP level 5. HP: 19/24 MP: 6/10
  7251 | D:4      | Learned a level 3 spell: Regeneration
  7711 | D:5      | Entered Level 5 of the Dungeon
  7734 | D:5      | Noticed a slave
  7734 | D:5      | Noticed a slave
  7735 | D:5      | Noticed Pikel
  7894 | D:4      | Reached skill level 3 in Spellcasting
  8176 | D:5      | Found Pounon's Jewellery Boutique.
  8207 | D:5      | Reached skill level 5 in Necromancy
  8207 | D:5      | Gained mutation: You are covered in thick fur. (AC +2)
                  | [Felid growth]
  8207 | D:5      | Reached XP level 6. HP: 23/28 MP: 4/11
  8288 | D:5      | decent rings, at least, but idk if I'm going to survive
  8798 | D:5      | Noticed a slave
  8815 | D:5      | Killed a slave
  8833 | D:5      | this is so stupid
  9300 | D:4      | YES
  9321 | D:4      | Reached skill level 1 in Evocations
  9321 | D:4      | Reached XP level 7. HP: 27/31 MP: 6/12
  9322 | D:4      | YES
  9809 | D:5      | Killed Pikel
  9809 | D:5      | Reached XP level 8. HP: 36/36 MP: 13/13
  9818 | D:5      | ahh.....
  9818 | D:5      | phew, that's so much better now
  9963 | D:5      | damn these sacs really suck
  9963 | D:5      | drink, stealth and nimbleness
  9963 | D:5      | I do NOT want to get rid of stealth this early
  9963 | D:5      | maybe later, but not now
  9963 | D:5      | nimbleness is pretty obvious, although getting apoc now
                  | would make things fairly easy
  9963 | D:5      | drink is just shit
  9963 | D:5      | especially when I have no AC
  9963 | D:5      | Gained mutation: You cannot drink potions while threatened.
                  | [Ru sacrifice]
  9963 | D:5      | Reached *** piety under Ru
 11940 | D:6      | Reached skill level 5 in Unarmed Combat
 11948 | D:6      | Reached skill level 5 in Fighting
 12719 | D:6      | Noticed a hippogriff
 12724 | D:6      | this vault needs to chill out
 12776 | D:6      | Killed a hippogriff
 12776 | D:6      | Reached XP level 9. HP: 32/41 MP: 2/14
 12949 | D:6      | Learned a level 4 spell: Animate Dead
 13887 | D:7      | Found a blossoming altar of Fedhas.
 14359 | D:7      | Found a staircase to the Ecumenical Temple.
 14524 | D:7      | Gained mutation: You are somewhat unskilled. (-1 Apt) [Ru
                  | sacrifice]
 14524 | D:7      | Reduced skill Spellcasting to level 2
 14524 | D:7      | Reduced skill Necromancy to level 5
 14524 | D:7      | Reached **** piety under Ru
 14524 | D:7      | Reached ***** piety under Ru
 14843 | D:7      | Noticed a brown ugly thing
 14868 | D:7      | Noticed a troll
 15054 | D:7      | Killed a troll
 15065 | D:7      | Killed a brown ugly thing
 15065 | D:7      | Reached XP level 10. HP: 45/45 MP: 5/15
 15566 | D:7      | Got a smoking crystal amulet
 15567 | D:7      | OMG
 15567 | D:7      | I'm SO lucky
 15567 | D:7      | well, now I am
 15642 | D:7      | Too bad I dont have corpse delivery I guess
 15642 | D:7      | But ru is amazing now
 15718 | D:8      | You fall into a shaft and drop 1 floor!
 15814 | D:8      | Reached skill level 3 in Spellcasting
 15874 | D:8      | Noticed a fire dragon
 15875 | D:8      | Found a staircase to the Lair.
 15881 | D:8      | Oh, it's the fire dragon one
 15881 | D:8      | well, good thing fire breath is range 5 only
 15882 | D:8      | Noticed a two-headed ogre
 16064 | D:8      | Identified the amulet "Uwiasalo" {RegenMP rF+ MR+ Int+4
                  | Dex-5} (You found it on level 7 of the Dungeon)
 16065 | D:8      | damn, not bad
 16065 | D:8      | although dex-5 is going to suck
 16065 | D:8      | honestly, acrobat is better right now
 16650 | D:8      | Killed a fire dragon
 16650 | D:8      | Reached skill level 4 in Spellcasting
 16651 | D:8      | good shit, fire dragon down
 16735 | D:8      | Killed a two-headed ogre
 16988 | D:9      | gotta say I'm glad I didn't get almost any rN+ enemies
                  | early
 16988 | D:9      | grinder would have been very very bad
 17127 | D:9      | Maybe I've been lucky overall then
 17162 | D:9      | at least now I don't feel too bad rejecting sacs
 17550 | D:9      | Reached skill level 5 in Spellcasting
 18376 | Lair:1   | Entered Level 1 of the Lair of Beasts
 18737 | Lair:1   | Found a dark tunnel.
 18737 | Lair:1   | Noticed a lindwurm
 18775 | Lair:1   | Killed a lindwurm
 18775 | Lair:1   | Reached XP level 11. HP: 31/49 MP: 10/20
 18876 | Volcano  | Entered a volcano
 18882 | Volcano  | oh ok it's this one, meh
 19365 | Lair:1   | Learned a level 5 spell: Borgnjor's Vile Clutch
 19826 | Lair:2   | Reached skill level 6 in Spellcasting
 19826 | Lair:2   | Reached skill level 1 in Earth Magic
 20665 | Lair:2   | Noticed an oklob plant
 21000 | Lair:2   | wow, nice
 21733 | Lair:3   | Noticed a death yak
 22088 | Lair:3   | Noticed a death yak
 22174 | Lair:3   | Killed a death yak
 22404 | Lair:3   | Killed a death yak
 22404 | Lair:3   | Reached skill level 7 in Spellcasting
 23037 | Lair:4   | Noticed a five-headed hydra
 23041 | Lair:4   | Noticed a six-headed hydra
 23061 | Lair:4   | Killed a five-headed hydra
 23061 | Lair:4   | Reached skill level 5 in Evocations
 23061 | Lair:4   | Gained mutation: Your thick and shaggy fur keeps you warm.
                  | (AC +3, rC+) [Felid growth]
 23061 | Lair:4   | Reached XP level 12. HP: 53/53 MP: 18/23
 23068 | Lair:4   | Killed a six-headed hydra
 23100 | Lair:4   | Found a staircase to the Snake Pit.
 23346 | Lair:4   | Reached skill level 5 in Earth Magic
 23384 | Lair:4   | Reached skill level 10 in Necromancy
 23884 | Lair:4   | Found a staircase to the Shoals.
 24708 | Lair:5   | Noticed Urug
 25000 | Lair:5   | Killed Urug
 25174 | Lair:5   | Gained mutation: You take slightly more damage. (AC -5) [Ru
                  | sacrifice]
 25174 | Lair:5   | Reached ****** piety under Ru
 26239 | Lair:6   | Entered Level 6 of the Lair of Beasts
 26363 | Lair:6   | Noticed an eight-headed hydra
 26379 | Lair:6   | Killed an eight-headed hydra
 26379 | Lair:6   | Reached XP level 13. HP: 31/57 MP: 16/24
 26715 | Lair:6   | Found a staircase to the Slime Pits.
 27715 | Lair:6   | Found the amulet of Vitality {Regen+ HP+15}
 27716 | Lair:6   | omg
 27979 | Lair:6   | Noticed a dire elephant
 27979 | Lair:6   | Noticed a dire elephant
 27986 | Lair:6   | Noticed a dire elephant
 28138 | D:10     | Entered Level 10 of the Dungeon
 28173 | D:10     | Noticed Snorg
 28764 | D:10     | Noticed Josephine
 28783 | D:10     | Killed Josephine
 28790 | D:10     | Reached skill level 10 in Dodging
 28976 | D:10     | Noticed Erolcha
 29568 | D:11     | Found a frozen archway.
 29608 | IceCv    | Entered an ice cave
 30089 | IceCv    | Learned a level 6 spell: Iron Shot
 30224 | IceCv    | Reached skill level 1 in Conjurations
 30797 | D:11     | Found a staircase to the Orcish Mines.
 31767 | D:12     | Found Mios's Armour Shoppe.
 32308 | D:12     | oh, is this the vamp tooth vault....
 32359 | D:12     | Found the +12 Vampire's Tooth {vamp}
 32363 | D:12     | Yes, it is. Fuck you, game.
 32367 | D:12     | Reached XP level 14. HP: 63/63 MP: 19/26
 33093 | D:13     | Reached skill level 8 in Spellcasting
 33838 | D:13     | Found Turecs's Jewellery Emporium.
 34394 | D:13     | Found Jody's Assorted Antiques.
 34402 | D:13     | Bought a scroll labeled HUSCHI YLOUHE for 31 gold pieces
 34402 | D:13     | Bought a scroll of identify for 62 gold pieces
 34402 | D:13     | Bought a scroll of identify for 62 gold pieces
 34402 | D:13     | Bought a scroll of identify for 62 gold pieces
 34456 | D:13     | Found a gate to the Vaults.
 34580 | D:13     | Learned a level 5 spell: Bolt of Draining
 35025 | D:14     | Reached skill level 10 in Earth Magic
 35362 | D:14     | Reached skill level 5 in Conjurations
 35519 | D:14     | Found a runed translucent door.
 36414 | D:14     | Reached skill level 9 in Spellcasting
 37039 | D:15     | Entered Level 15 of the Dungeon
 38586 | D:15     | Reached XP level 15. HP: 65/65 MP: 3/29
 39329 | D:15     | Noticed a frost giant
 39482 | D:15     | Killed a frost giant
 39643 | D:15     | Found a staircase to the Depths.
 39791 | Orc:1    | Entered Level 1 of the Orcish Mines
 39791 | Orc:1    | Noticed Harold
 39796 | Orc:1    | Killed Harold
 40023 | Orc:1    | Found a roughly hewn altar of Beogh.
 40512 | Orc:1    | Found Qobuyl's Gadget Boutique.
 40548 | Orc:1    | Found a roughly hewn altar of Beogh.
 40616 | Orc:1    | Found Qobuyl's Gadget Boutique.
 40718 | Orc:1    | Found a roughly hewn altar of Beogh.
 40788 | Orc:1    | Found Qobuyl's Gadget Boutique.
 40848 | Orc:2    | Entered Level 2 of the Orcish Mines
 40871 | Orc:2    | Noticed an orc warlord
 40880 | Orc:2    | Killed an orc warlord
 41202 | Orc:2    | Found a staircase to the Elven Halls.
 41240 | Orc:2    | Found Secloresoq's Assorted Antiques.
 41374 | Orc:2    | Bought a wand of paralysis (8) for 54 gold pieces
 41425 | Orc:2    | Reached skill level 10 in Spellcasting
 42123 | Orc:2    | Noticed Donald
 42183 | Orc:2    | Killed Donald
 42275 | Orc:2    | Noticed an orc warlord
 42281 | Orc:2    | Killed an orc warlord
 42936 | Orc:2    | Found Omat's General Store.
 42937 | Orc:2    | Found Juido's Book Emporium.
 42938 | Orc:2    | Found Itterr's Antique Armour Shoppe.
 42938 | Orc:2    | Found Xeaweug's Antique Weapon Shoppe.
 42952 | Orc:2    | Bought a scroll of identify for 26 gold pieces
 42952 | Orc:2    | Bought a scroll of identify for 26 gold pieces
 42955 | Orc:2    | Bought a scroll of fear for 45 gold pieces
 43131 | Orc:1    | Reached skill level 10 in Conjurations
 43221 | Orc:1    | Noticed Fannar
 43228 | Orc:1    | Killed Fannar
 43574 | D:5      | Bought a +5 ring of intelligence for 618 gold pieces
 43578 | D:5      | Upgraded the game from 0.25-a0-200-g5ba96148f3 to
                  | 0.25-a0-201-g0bb11aece9
 43584 | D:5      | Learned a level 5 spell: Agony
 43795 | Snake:1  | Entered Level 1 of the Snake Pit
 44815 | Snake:1  | Found a runed translucent gate.
 44815 | Snake:1  | Found a runed translucent gate.
 44815 | Snake:1  | Found a runed translucent gate.
 44815 | Snake:1  | Noticed Onof's ghost (adept MfIE)
 45346 | Snake:1  | Killed Onof's ghost
 45586 | Snake:1  | Got a glittering wooden ring
 45588 | Snake:1  | Identified the cursed ring "Ubuod" {rPois MR+ Str+3 Dex-2}
                  | (You found it on level 1 of the Snake Pit)
 45830 | D:5      | Bought a +4 ring of evasion for 540 gold pieces
 46032 | Snake:2  | Noticed a nagaraja
 46033 | Snake:2  | nice.
 46034 | Snake:2  | Killed a nagaraja
 46535 | Snake:2  | Reached XP level 16. HP: 69/69 MP: 16/31
 47940 | Snake:3  | Found an ancient bone altar of Kikubaaqudgha.
 48800 | Snake:4  | Entered Level 4 of the Snake Pit
 48804 | Snake:4  | Reached skill level 10 in Fighting
 51940 | Snake:4  | Reached XP level 17. HP: 33/78 MP: 18/32
 53646 | Snake:4  | Reached skill level 11 in Spellcasting
 54592 | Snake:4  | Got a serpentine rune of Zot
 55136 | Shoals:1 | Entered Level 1 of the Shoals
 55136 | Shoals:1 | Found Mogaw's Weapon Shop.
 55141 | Shoals:1 | Found Hegy's General Store.
 55248 | Shoals:1 | Bought 2 potions of haste for 240 gold pieces
 55349 | Shoals:1 | You fall into a shaft and drop 1 floor!
 55377 | Shoals:1 | Found Qomijo's Food Boutique.
 55425 | Shoals:1 | Found a transporter.
 55686 | Shoals:1 | Found a transporter.
 56171 | Shoals:1 | Found Umyrrim's Magic Scroll Boutique.
 56209 | Shoals:1 | Found Etematiz's Magic Scroll Shop.
 57850 | Shoals:1 | Identified the Papyrus of Ghastly Envenoming
 57855 | Shoals:1 | Got a sparkling brass amulet
 57864 | Shoals:1 | Got a crude steel amulet
 57876 | Shoals:1 | Got a warped marble ring
 57878 | Shoals:1 | Identified the amulet "Yvomiowk" {Gourm MR+ Stlth+} (You
                  | found it on level 1 of the Shoals)
 57879 | Shoals:1 | Identified the amulet "Astra" {+Rage rPois} (You found it
                  | on level 1 of the Shoals)
 57880 | Shoals:1 | Identified the ring of Dishonesty {rPois rC- Str+3 Dex+2}
                  | (You found it on level 1 of the Shoals)
 58147 | Shoals:2 | Reached skill level 12 in Spellcasting
 59658 | Shoals:3 | Reached XP level 18. HP: 82/82 MP: 15/35
 60055 | Shoals:4 | Entered Level 4 of the Shoals
 60506 | Shoals:4 | Identified the Tome of Creative Ignition
 61579 | Shoals:4 | Got a barnacled rune of Zot
 62381 | Shoals:4 | Demolished by an alligator snapping turtle
 62382 | Shoals:4 | Reached XP level 17. HP: -16/78 MP: 28/34
 62561 | Shoals:4 | Reached skill level 13 in Spellcasting
 62665 | Shoals:4 | Noticed a kraken
 62696 | Shoals:4 | Killed a kraken
 62931 | Shoals:4 | motherfucker
 63855 | Elf:1    | Entered Level 1 of the Elven Halls
 63986 | Elf:1    | Found a runed translucent door.
 63992 | Elf:1    | Noticed Vittap's ghost (adept SpEn)
 63993 | Elf:1    | Identified a scroll of acquirement
 64002 | Elf:1    | Learned a level 7 spell: Orb of Destruction
 64233 | Elf:1    | Killed Vittap's ghost
 64637 | Elf:1    | Reached skill level 15 in Conjurations
 64797 | Orc:2    | Bought a book of the Sky for 975 gold pieces
 64805 | Orc:2    | Learned a level 6 spell: Deflect Missiles
 65072 | Elf:1    | Reached skill level 1 in Charms
 65364 | Elf:1    | Reached skill level 1 in Air Magic
 66231 | Elf:2    | Found Jirghadgh's Book Boutique.
 66375 | Elf:2    | Found a huge runed translucent gate.
 66375 | Elf:2    | Found a huge runed translucent gate.
 66375 | Elf:2    | Found a huge runed translucent gate.
 66379 | Elf:2    | Found a huge runed translucent gate.
 66381 | Elf:2    | Found a huge runed translucent gate.
 66527 | Elf:3    | Entered Level 3 of the Elven Halls
 66527 | Elf:3    | Found Qoydwitt's Book Boutique.
 66793 | Elf:3    | Noticed Saint Roka
 66982 | Elf:3    | Reached XP level 18. HP: 82/82 MP: 17/36
 67762 | Elf:3    | Reached skill level 5 in Charms
 67832 | Elf:3    | Identified the +6 spear "Paym" {protect, MR+ Int-2 Dex+3}
 67832 | Elf:3    | Identified the ring "Senlian" {Str+4 Dex+6 Stlth-}
 67980 | Elf:3    | Identified the cursed +1 war axe "Iseypl Wela" {pain, rN+
                  | MR+}
 68767 | Elf:3    | Identified the +4 war axe of the First Allies {flame, rF+
                  | Int+7 Dex+4}
 68790 | Elf:3    | Reached skill level 5 in Air Magic
 69162 | Elf:3    | Killed Saint Roka
 69177 | Elf:3    | Identified the cursed +1 whip of Midwinter {protect,
                  | *Contam +Inv rPois MP+9}
 69984 | Elf:3    | Identified the Catalogue of the Tomato
 70045 | Elf:3    | Identified A Thorough Guide to Spellcasting
 70383 | Vaults:1 | Entered Level 1 of the Vaults
 71456 | Vaults:1 | Reached XP level 19. HP: 85/85 MP: 5/37
 74043 | Vaults:2 | Reached skill level 14 in Spellcasting
 75322 | Vaults:2 | Noticed a bone dragon
 75372 | Vaults:2 | Killed a bone dragon
 75724 | Vaults:2 | Found a staircase to the Crypt.
 76001 | Vaults:3 | Found Lutarhar's Distillery.
 76134 | Vaults:3 | Reached skill level 15 in Spellcasting
 76189 | Vaults:3 | Reached XP level 20. HP: 59/90 MP: 21/40
 76351 | Vaults:3 | Found a magical portal.
 77808 | WizLab   | Paralysed by a floating eye for 3 turns
 78009 | WizLab   | Learned a level 7 spell: Haunt
 78034 | WizLab   | Got a serpentine jade ring
 78070 | WizLab   | Reached skill level 1 in Summonings
 78078 | WizLab   | Reached skill level 15 in Necromancy
 78168 | WizLab   | Identified Cigotuvi's Tome of Shape Shifting and Stolen
                  | Souls
 78175 | WizLab   | Identified Sif Muna's Papyrus of Transmigration
 78402 | Vaults:3 | Bought a potion of haste for 190 gold pieces
 78402 | Vaults:3 | Gained mutation: You have a pair of small horns on your
                  | head. [potion of mutation]
 78402 | Vaults:3 | Gained mutation: Your system is resistant to poisons.
                  | (rPois) [potion of mutation]
 78403 | Vaults:3 | Lost mutation: You have a pair of small horns on your head.
                  | [potion of mutation]
 78403 | Vaults:3 | Lost mutation: Your system is resistant to poisons. (rPois)
                  | [potion of mutation]
 78403 | Vaults:3 | Gained mutation: Your muscles are strong. (Str +2) [potion
                  | of mutation]
 78403 | Vaults:3 | Gained mutation: Your mind is acute. (Int +2) [potion of
                  | mutation]
 78404 | Vaults:3 | Lost mutation: Your mind is acute. (Int +2) [potion of
                  | mutation]
 78404 | Vaults:3 | Lost mutation: Your muscles are strong. (Str +2) [potion of
                  | mutation]
 78404 | Vaults:3 | Gained mutation: You possess an exceptional clarity of
                  | mind. [potion of mutation]
 78404 | Vaults:3 | Gained mutation: Your mind is acute. (Int +2) [potion of
                  | mutation]
 78404 | Vaults:3 | Gained mutation: Your spells are a little harder to cast,
                  | but a little more powerful. [potion of mutation]
 78404 | Vaults:3 | Gained mutation: You are partially covered in yellow
                  | scales. (AC +2) [potion of mutation]
 78936 | Vaults:3 | Reached skill level 5 in Summonings
 81401 | Vaults:4 | Reached XP level 21. HP: 81/91 MP: 5/41
 81511 | Vaults:4 | Reached skill level 10 in Summonings
 83824 | Depths:1 | Entered Level 1 of the Depths
 83825 | Depths:1 | well, thanks, marked the very first turn in depths
 83934 | Depths:1 | Found Pavog's Gadget Shoppe.
 83936 | Depths:1 | Found Feafretu's Jewellery Shop.
 83937 | Depths:1 | Found Copaicla's Gadget Shoppe.
 83965 | Depths:1 | Found Reskevit's Magic Scroll Shoppe.
 83982 | Depths:1 | Found a one-way gate to the infinite horrors of the Abyss.
 83982 | Depths:1 | Found a flickering gateway to a bazaar.
 84005 | Depths:1 | Identified the ring "Gism" {+Fly MR+ Int+2 Dex+5} (You
                  | found it in a wizard's laboratory)
 84013 | Bazaar   | Entered a bazaar
 84013 | Bazaar   | Found Uzxidd's Food Emporium.
 84026 | Bazaar   | Found Cibby Zati's Gadget Shop.
 84029 | Bazaar   | Found Isis Liz's Assorted Antiques.
 84038 | Bazaar   | Found Cul Doa's General Store.
 84074 | Bazaar   | Found Moliwkif's Magic Scroll Shop.
 84079 | Bazaar   | Bought a scroll of blinking for 120 gold pieces
 84116 | Bazaar   | Bought a wand of iceblast (10) for 80 gold pieces
 84125 | Bazaar   | Bought a scroll of fog for 18 gold pieces
 84638 | Depths:1 | Noticed Asterion
 84800 | Depths:1 | Killed Asterion
 85667 | Depths:1 | Noticed Mara
 85674 | Depths:1 | Killed Mara
 85745 | Depths:1 | Identified the +2 pair of gloves of the Ban {rF+ rCorr MP-9
                  | SInv}
 85745 | Depths:1 | Noticed Nikola
 85869 | Depths:1 | Found a gateway to Hell.
 86042 | Depths:1 | Killed from afar by Nikola
 86043 | Depths:1 | Reached XP level 20. HP: -4/89 MP: 14/40
 86043 | Depths:1 | WOW.
 86261 | Depths:1 | Bought the ring of Nedeowel {Ice rElec Int+3 SInv} for 841
                  | gold pieces
 86281 | Depths:1 | Killed Nikola
 86556 | Depths:2 | Noticed a golden dragon
 86563 | Depths:2 | Killed a golden dragon
 86563 | Depths:2 | Reached skill level 15 in Dodging
 87009 | Depths:2 | Reached skill level 10 in Evocations
 87009 | Depths:2 | Reached XP level 21. HP: 85/95 MP: 3/41
 89625 | Depths:3 | You fall into a shaft and drop 2 floors!
 89625 | Depths:5 | Entered Level 5 of the Depths
 89689 | Depths:3 | Found Mizoapro's Food Shoppe.
 91498 | Depths:3 | Identified the ring "Gystrigon" {Str+3 Dex+3 Slay+2} (You
                  | found it on level 3 of the Depths)
 91684 | Depths:3 | Found a one-way gate leading to the halls of Pandemonium.
 91797 | Depths:4 | Noticed an ancient lich
 91807 | Depths:4 | Found a transporter.
 91807 | Depths:4 | You fall into a shaft and drop 1 floor!
 91808 | Depths:5 | you have to be kidding me
 92156 | Depths:4 | Found a radiant altar of Vehumet.
 92426 | Depths:4 | Found a gateway to a ziggurat.
 92429 | Depths:4 | Paralysed by a floating eye for 4 turns
 92875 | Depths:4 | Reached XP level 22. HP: 82/103 MP: 12/42
 93166 | Depths:4 | You fall into a shaft and drop 1 floor!
 93298 | Depths:5 | Reached skill level 16 in Spellcasting
 93402 | Depths:5 | Learned a level 5 spell: Irradiate
 93412 | Depths:5 | Learned a level 7 spell: Spellforged Servitor
 94053 | Depths:5 | Found a gate to the Realm of Zot.
 94053 | Depths:5 | Noticed a golden dragon
 94085 | Depths:5 | Killed a golden dragon
 94732 | Depths:5 | Learned a level 6 spell: Statue Form
 94977 | Depths:4 | Reached skill level 1 in Transmutations
 95743 | Slime:1  | Entered Level 1 of the Pits of Slime
 96748 | Slime:2  | Reached skill level 5 in Transmutations
 97279 | Slime:2  | Gained mutation: You occasionally shout uncontrollably at
                  | your foes. [a shining eye]
 97283 | Slime:2  | Gained mutation: You sometimes yell uncontrollably at your
                  | foes. [a shining eye]
 97973 | Slime:5  | Entered Level 5 of the Pits of Slime
 98117 | Slime:5  | Noticed the Royal Jelly
 99263 | Slime:5  | Found a viscous altar of Jiyva.
 99603 | Slime:5  | Killed the Royal Jelly
 99700 | Slime:5  | Reached XP level 23. HP: 107/107 MP: 31/44
 99747 | Slime:5  | Got a slimy rune of Zot
 99836 | Slime:5  | Identified the Guide on Icy Intoxication
100207 | D:13     | Bought the amulet "Olesagg" {Spirit rF++ Int+6 Stlth-} for
                  | 1182 gold pieces
100555 | Zot:1    | Entered Level 1 of the Realm of Zot
100853 | Zot:2    | Reached skill level 15 in Fighting
101162 | Zot:3    | You fall into a shaft and drop 1 floor!
101493 | Zot:4    | Noticed an orb of fire
101502 | Zot:4    | Noticed an orb of fire
101507 | Zot:4    | Killed an orb of fire
101510 | Zot:4    | Killed an orb of fire
101746 | Zot:4    | Found a runed translucent gate.
101746 | Zot:4    | Found a runed translucent gate.
101784 | Zot:4    | Noticed Fiunann's ghost (legendary BaWn)
101817 | Zot:4    | Found an opulent altar of Gozag.
101819 | Zot:4    | Found a runed translucent gate.
101963 | Zot:4    | Reached skill level 17 in Spellcasting
102571 | Zot:5    | Entered Level 5 of the Realm of Zot
102571 | Zot:5    | Noticed a curse toe
102571 | Zot:5    | Noticed a Killer Klown
102919 | Zot:5    | Killed a curse toe
103219 | Zot:5    | Killed a Killer Klown
103386 | Zot:5    | Found the +7 Spriggan's Knife {stab, EV+4 Stlth+}
103515 | Zot:5    | well, that's spriggan's knife
103898 | Zot:5    | Noticed an ancient lich
103929 | Zot:5    | Killed an ancient lich
103929 | Zot:5    | Reached skill level 18 in Spellcasting
104020 | Zot:5    | Noticed an orb of fire
104029 | Zot:5    | Gained mutation: You are clumsy. (Dex -2) [an orb of fire]
104033 | Zot:5    | Killed an orb of fire
104054 | Zot:5    | Noticed an orb of fire
104063 | Zot:5    | Killed an orb of fire
104092 | Zot:5    | Noticed an orb of fire
104217 | Zot:5    | Killed an orb of fire
104332 | Zot:5    | Noticed an orb of fire
104344 | Zot:5    | Killed an orb of fire
104781 | Zot:5    | Reached XP level 24. HP: 112/112 MP: 34/46
104781 | Zot:5    | Noticed an orb of fire
104785 | Zot:5    | Gained mutation: Your magical capacity is low. (-10% MP)
                  | [an orb of fire]
104916 | Zot:4    | Lost mutation: You possess an exceptional clarity of mind.
                  | [potion of mutation]
104916 | Zot:4    | Lost mutation: You sometimes yell uncontrollably at your
                  | foes. [potion of mutation]
104916 | Zot:4    | Lost mutation: Your magical capacity is low. (-10% MP)
                  | [potion of mutation]
104916 | Zot:4    | Lost mutation: You are clumsy. (Dex -2) [potion of
                  | mutation]
104916 | Zot:4    | Gained mutation: You are frail. (-10% HP) [potion of
                  | mutation]
104916 | Zot:4    | Gained mutation: Your system is resistant to poisons.
                  | (rPois) [potion of mutation]
104917 | Zot:4    | Lost mutation: Your mind is acute. (Int +2) [potion of
                  | mutation]
104917 | Zot:4    | Lost mutation: Your spells are a little harder to cast, but
                  | a little more powerful. [potion of mutation]
104917 | Zot:4    | Lost mutation: You are frail. (-10% HP) [potion of
                  | mutation]
104917 | Zot:4    | Gained mutation: You are agile. (Dex +2) [potion of
                  | mutation]
104917 | Zot:4    | Gained mutation: You evolve. [potion of mutation]
104918 | Zot:4    | Lost mutation: You evolve. [potion of mutation]
104918 | Zot:4    | Lost mutation: You occasionally shout uncontrollably at
                  | your foes. [potion of mutation]
104918 | Zot:4    | Gained mutation: You are partially covered in molten
                  | scales. (AC +2) [potion of mutation]
104918 | Zot:4    | Gained mutation: You are resistant to electric shocks.
                  | (rElec) [potion of mutation]
104918 | Zot:4    | Gained mutation: You are very agile. (Dex +4) [potion of
                  | mutation]
104918 | Zot:4    | Gained mutation: Your spells are a little harder to cast,
                  | but a little more powerful. [potion of mutation]
104949 | Zot:5    | Noticed a Killer Klown
104953 | Zot:5    | Killed a Killer Klown
104956 | Zot:5    | Noticed an orb of fire
104957 | Zot:5    | Gained mutation: You tend to lose your temper in combat.
                  | [an orb of fire]
105055 | Zot:5    | Killed an orb of fire
105178 | Zot:5    | Noticed an orb of fire
105182 | Zot:5    | Ok I'm dead
105195 | Zot:4    | damn....
105195 | Zot:4    | that went better than I expected
105395 | Zot:5    | Killed an orb of fire
105395 | Zot:5    | Reached skill level 19 in Spellcasting
105398 | Zot:5    | Killed an orb of fire
105444 | Zot:5    | Noticed an ancient lich
105522 | Zot:4    | Learned a level 8 spell: Borgnjor's Revivification
105528 | Zot:5    | Killed an ancient lich
106441 | Zot:5    | Noticed an orb of fire
106445 | Zot:5    | Killed an orb of fire
106509 | Zot:5    | Learned a level 4 spell: Summon Lightning Spire
106516 | Zot:5    | Noticed an ancient lich
106525 | Zot:5    | Killed an ancient lich
107063 | Zot:5    | Noticed a Killer Klown
107069 | Zot:5    | Killed a Killer Klown
107677 | Zot:5    | Noticed an ancient lich
107681 | Zot:5    | Killed an ancient lich
108157 | Zot:5    | Got the Orb of Zot
108354 | Depths:1 | Noticed Fafo the pandemonium lord
108790 | D:1      | gg
108791 | D:$      | Escaped with the Orb!

Levels and vault maps discovered:
D:1:      co_arrival_square_in_a_square_in_a_square, layout_loops_ring
D:2:      layout_loops_corners, lemuel_round_altar
D:3:      layout_basic, chequers_temple_overflow_statue_of_worship,
          minmay_misc_feat_doors
D:4:      layout_basic, first_ration
D:5:      layout_basic, serial_shops, shop_fountains, kennysheep_small_circle,
          uniq_pikel
D:6:      cheibrodos_barr_body, layout_basic, kennysheep_generic_room_5
D:7:      minmay_the_grid_octo_triangle [minmay_the_grid_octo_focus,
          minmay_the_grid_octo_prize_square_snowflake,
          minmay_the_grid_octo_fan_narrow], layout_cave_pools,
          minmay_temple_entry_wispy, fedhas_altar_fruit_tree
D:8:      layout_gridville, minmay_lair_entry_lava
D:9:      layout_long_grid
D:10:     layout_loops_ring, grunt_tengu_nest, uniq_josephine, uniq_snorg,
          uniq_erolcha
D:11:     layout_stronghold, kennysheep_orc_monster_closet_entryway,
          portal_ice_cave_entry_pillars_2
D:12:     layout_irregular_city, serial_shops, shop_statue,
          minmay_guarded_unrand_vampires_tooth
D:13:     layout_small_grid, ximxim_vaults_locker_room, serial_shops,
          nicolae_shop_crystal, shop
D:14:     gammafunk_mikee_crab_dinner, layout_loops_ring, chequers_jeans,
          grunt_potential
D:15:     grunt_enter_depths_snipers, layout_layer_cave
Lair:1:   layout_small_grid, nicolae_volcano_entry_vermiform,
          hangedman_lair_unloving_vines
Lair:2:   dpeg_oklob_gauntlet, layout_chaotic_city,
          chequers_serial_rivers_large_a, grunt_megastairs_5
Lair:3:   layout_loops_ring, st_stairs_6, infiniplex_staircase_pool_2
Lair:4:   layout_regular_city, elwin_shoals_entry_stream,
          minmay_snake_entry_guardpost_small, minmay_lair_oklob_chamber
Lair:5:   layout_roguey [special_room_bee], dpeg_oklob_1, grunt_megastairs_1,
          uniq_urug
Lair:6:   due_jungle_book, layout_loops_ring, nicolae_slime_entry_slimehenge
Shoals:1: gammafunk_its_a_trap, layout_shoals, serial_shops, shop,
          shop_fountains, nicolae_shop_competitors_out_of_business,
          nicolae_shop_stone, shop
Shoals:2: layout_shoals
Shoals:3: layout_shoals
Shoals:4: shoals_end_grunt_ice, layout_shoals
Snake:1:  layout_grid_shapes, gammafunk_ghost_necromancy, drop_trap
Snake:2:  layout_basic
Snake:3:  layout_cave_town, lemuel_oklob_altar, lemuel_fruit_tree,
          serial_bayou_shore_a
Snake:4:  johnstein_snake_rune_scales, layout_cave_town
Slime:1:  layout_caves
Slime:2:  layout_caves
Slime:3:  layout_caves
Slime:4:  layout_caves, cheibrodos_slime_lost_civilization_6
Slime:5
Orc:1:    layout_diamond_mine, basic_altar, serial_shops,
          nicolae_shop_behind_doors, statue_in_the_mist_lemuel, uniq_harold,
          uniq_fannar
Orc:2:    st_orc_congregation, layout_diamond_mine, serial_shops, shop,
          uniq_donald
Elf:1:    eino_elf_arrival_shootout, layout_gridlike,
          ebering_ghost_reflecting_pool, hangedman_elf_disciples,
          item_on_display_a
Elf:2:    layout_rooms, serial_shops, nicolae_shop_window_shopping
Elf:3:    minmay_elf_hall_furrowed, layout_geoelf_diagonals, serial_shops,
          nicolae_shop_window_shopping, hex_intersection, lemuel_flamethrower_2,
          uniq_saint_roka
Vaults:1: ontoclasm_vaults_ligature, v_misc_5, nicolae_vaults_network_star,
          v_misc_3, vaults_room_stairs_pillars, st_squares,
          vaults_dpeg_encased_lava, vaults_mumra_minichess_inversion,
          layout_vaults_chaotic_city
Vaults:2: v_misc_30, grunt_vaults_trifunnel, nicolae_vaults_specimen_jars,
          minmay_crypt_entry_nasty_monster, nicolae_vaults_octagons,
          ontoclasm_vaults_ring_square, nicolae_vaults_bisected_exclaves,
          layout_vaults_omnigrid
Vaults:3: hangedman_vaults_river_flow, st_lattice, vaults_room_boxed,
          nicolae_vaults_little_squares_5, dpeg_vaults_monster_row,
          ontoclasm_vaults_shuriken, v_pattern_3,
          nicolae_vaults_border_crossing, nicolae_vaults_network_periphery,
          nicolae_vaults_rhombus_7, vaults_room_hallway,
          ontoclasm_vaults_loading_screen, grunt_vaults_diagonal,
          layout_vaults_ring, serial_shops, nicolae_shop_waterfront,
          lightli_enter_wizlab_magi_temple
Vaults:4: st_octagons_2, v_pattern_2, ontoclasm_vaults_fault,
          hangedman_vaults_locks, grunt_vaults_funnel, vaults_room_corners,
          hangedman_vaults_slither, nicolae_vaults_little_squares_1, v_misc_14,
          v_alt_pattern_6, vaults_dpeg_hooks, layout_vaults_omnibox
Depths:1: layout_honeycomb, pf_hell_entry_great_geh, serial_shops,
          bzr_entry_customers, kennysheep_little_box, kennysheep_nub,
          abyss_entry, kb_rosetta, serial_bayou_shore_b, minmay_shop_grove,
          roderic_lattice_octagonal_star, uniq_asterion, uniq_mara, uniq_nikola
Depths:2: minmay_dotted_concentric_squares, layout_long_grid,
          grunt_hell_entry_dis_old, st_stairs_1, serial_bayou_shore_b
Depths:3: evilmike_horseshoe, layout_cave_pools, abyss_entry,
          rand_demon_pan_entry_1, hell_entry, infiniplex_staircase_pillars_1,
          serial_shops, shop, minmay_misc_feat_ornament
Depths:4: gammafunk_sealed_library, layout_gridville, enter_ziggurat_d,
          grunt_decor_fettered, grunt_pan_entry_in_and_out, pf_coc_iceberg,
          abyss_entry_glasseish
Depths:5: grunt_zot_entry_tricorne, layout_basic, grunt_hell_horde,
          serial_sigils, serial_sigils_hangedman_quiver,
          serial_sigils_hangedman_scratch, serial_sigils_hangedman_shear,
          serial_sigils_hangedman_leer, serial_sigils_hangedman_carve,
          abyss_entry, rand_demon_pan_entry_9
Zot:1:    layout_gridville, grunt_ministairs_10
Zot:2:    hangedman_orp_of_zott, layout_twisted_circle, st_grand_hoard_of_tiamat
Zot:3:    layout_concentric_octagons
Zot:4:    layout_concentric_octagons, ebering_ghost_gozag, lemuel_lake_of_fire
Zot:5:    layout_misc_corridors

Skill      XL: |  1  2  3  4  5  6  7  8  9 10 11 12 13 14 15 16 17 18 19 20 21 22 23 24 |
---------------+-------------------------------------------------------------------------+-----
Fighting       | 1 2 3 4 5 6 7 8 11 12 14 15 | 15.0
Stealth        | 3 2 |  2.8
Dodging        | 3 4 6 7 9 11 14 15 17 18 | 18.0
Unarmed Combat | 1 2 5 6 7 |  7.1
Spellcasting   | 3 2 5 7 9 10 13 15 16 18 19 | 19.5
Necromancy     | 5 6 5 7 9 11 12 14 15 16 | 16.9
Evocations     | 1 2 4 3 5 6 8 10 9 | 10.0
Earth Magic    | 4 7 9 10 11 12 | 12.1
Conjurations   | 2 7 11 15 14 | 15.0
Charms         | 3 9 |  9.0
Air Magic      | 2 6 |  6.3
Summonings     | 9 12 | 12.0
Transmutations | 6 |  6.0

Action                   |  1- 3 |  4- 6 |  7- 9 | 10-12 | 13-15 | 16-18 | 19-21 | 22-24 || total
-------------------------+-------+-------+-------+-------+-------+-------+-------+-------++-------
Melee: Unarmed           |    25 |    53 |   205 |   348 |   660 |    85 |    83 |    32 ||  1491
       Bite              |     1 |     5 |    19 |    34 |    80 |     5 |    14 |     6 ||   164
       Punch             |       |       |     8 |    13 |    23 |     2 |     3 |       ||    49
 Cast: Pain              |   127 |   132 |   196 |   256 |    36 |    12 |    10 |       ||   769
       Animate Skeleton  |    15 |    11 |    15 |    44 |    27 |       |       |       ||   112
       Vampiric Draining |     5 |     8 |    24 |    62 |    13 |       |       |       ||   112
       Regeneration      |       |       |     2 |     4 |     1 |     1 |       |       ||     8
       Animate Dead      |       |       |     4 |    11 |    12 |     1 |     5 |     1 ||    34
       Borgnjor's Vile C |       |       |       |    52 |   311 |   396 |   188 |    37 ||   984
       Bolt of Draining  |       |       |       |       |   145 |   160 |   338 |    13 ||   656
       Iron Shot         |       |       |       |       |    29 |   233 |   424 |   393 ||  1079
       Agony             |       |       |       |       |    13 |   243 |    17 |     8 ||   281
       Orb of Destructio |       |       |       |       |       |     9 |    38 |     3 ||    50
       Deflect Missiles  |       |       |       |       |       |     2 |     4 |     3 ||     9
       Haunt             |       |       |       |       |       |       |    25 |     7 ||    32
       Spellforged Servi |       |       |       |       |       |       |       |    63 ||    63
       Statue Form       |       |       |       |       |       |       |       |    13 ||    13
       Irradiate         |       |       |       |       |       |       |       |     5 ||     5
       Summon Lightning  |       |       |       |       |       |       |       |     2 ||     2
Invok: Sacrifice Experie |     1 |       |       |       |       |       |       |       ||     1
       Draw Out Power    |       |       |     3 |       |     5 |    13 |    21 |     7 ||    49
       Sacrifice Drink   |       |       |     1 |       |       |       |       |       ||     1
       Apocalypse        |       |       |     1 |     7 |     5 |     7 |     3 |     2 ||    25
       Sacrifice Skill   |       |       |     1 |       |       |       |       |       ||     1
       Power Leap        |       |       |       |    11 |     5 |     2 |     3 |     2 ||    23
       Reject Sacrifices |       |       |       |     1 |       |       |       |       ||     1
       Sacrifice Health  |       |       |       |     1 |       |       |       |       ||     1
 Abil: End Transformatio |       |       |       |       |       |       |       |     3 ||     3
Evoke: Wand              |       |       |     4 |     4 |     4 |    20 |    29 |    13 ||    74
       Box of beasts     |       |       |       |       |       |       |       |     3 ||     3
       Lamp of fire      |       |       |       |       |       |       |       |     1 ||     1
  Use: Scroll            |     1 |     7 |     6 |     3 |    19 |    10 |    13 |    19 ||    78
       Potion            |       |       |     1 |     1 |       |     4 |     3 |     9 ||    18
 Stab: Sleeping          |     1 |     3 |     5 |     4 |     6 |     2 |       |       ||    21
       Distracted        |       |       |     2 |     6 |     1 |       |       |     1 ||    10
       Invisible         |       |       |     1 |     4 |     2 |       |       |     1 ||     8
       Paralysed         |       |       |       |     9 |     9 |     3 |     8 |     2 ||    31
  Eat: Chunk             |    14 |    14 |    14 |    47 |   127 |   141 |    89 |    33 ||   479
       Ration            |       |       |       |       |     7 |    13 |       |     1 ||    21
Armor: Skin              |     1 |     2 |    11 |    14 |       |       |       |    33 ||    61
Dodge: Dodged            |    31 |    52 |   245 |   417 |   636 |   473 |   424 |   268 ||  2546
       Deflected         |       |       |       |       |       |     1 |    54 |    47 ||   102

Table legend:
 A = Non-vault XP
 B = Vault XP
 C = Vault XP percentage of total XP
 D = Non-vault monster count
 E = Vault monster count
 F = Vault count percentage of total count
                 A         B        C        D         E       F
            +---------+---------+-------+---------+---------+-------
      Total |  675446 |  627842 |  48.2 |    1411 |     786 |  35.8
            +---------+---------+-------+---------+---------+-------
        D:1 |      24 |       0 |   0.0 |      13 |       0 |   0.0
        D:2 |     141 |       0 |   0.0 |      33 |       0 |   0.0
        D:3 |      60 |       0 |   0.0 |      20 |       0 |   0.0
        D:4 |     374 |       0 |   0.0 |      19 |       0 |   0.0
        D:5 |     504 |     662 |  56.8 |      18 |       2 |  10.0
        D:6 |    1049 |    1236 |  54.1 |      23 |      15 |  39.5
        D:7 |     907 |    1662 |  64.7 |      24 |      17 |  41.5
        D:8 |    1229 |    1086 |  46.9 |      22 |       1 |   4.3
        D:9 |    1298 |       0 |   0.0 |      13 |       0 |   0.0
       D:10 |    1428 |    2745 |  65.8 |      17 |       6 |  26.1
       D:11 |    3733 |    1701 |  31.3 |      31 |      20 |  39.2
       D:12 |    5034 |    1456 |  22.4 |      32 |       8 |  20.0
       D:13 |    8389 |    5544 |  39.8 |      41 |      12 |  22.6
       D:14 |    6345 |    3188 |  33.4 |      25 |       7 |  21.9
       D:15 |   14775 |    3199 |  17.8 |      44 |       3 |   6.4
     Lair:1 |    1519 |     755 |  33.2 |      14 |       2 |  12.5
     Lair:2 |    1597 |    1225 |  43.4 |      11 |       4 |  26.7
     Lair:3 |    4407 |       0 |   0.0 |      18 |       0 |   0.0
     Lair:4 |    5796 |    3574 |  38.1 |      20 |      19 |  48.7
     Lair:5 |    2560 |    4126 |  61.7 |      12 |      27 |  69.2
     Lair:6 |   19280 |    2169 |  10.1 |      52 |      11 |  17.5
   Shoals:1 |   11211 |    2816 |  20.1 |      29 |       7 |  19.4
   Shoals:2 |   13489 |       0 |   0.0 |      35 |       0 |   0.0
   Shoals:3 |   13540 |       0 |   0.0 |      28 |       0 |   0.0
   Shoals:4 |   17924 |   21727 |  54.8 |      33 |      35 |  51.5
    Snake:1 |   10450 |    4309 |  29.2 |      19 |      11 |  36.7
    Snake:2 |   23842 |       0 |   0.0 |      40 |       0 |   0.0
    Snake:3 |   16273 |    1125 |   6.5 |      31 |       2 |   6.1
    Snake:4 |   20808 |   43075 |  67.4 |      38 |      62 |  62.0
    Slime:1 |    7778 |       0 |   0.0 |      22 |       0 |   0.0
    Slime:2 |    8330 |       0 |   0.0 |      20 |       0 |   0.0
    Slime:3 |   19085 |       0 |   0.0 |      17 |       0 |   0.0
    Slime:4 |   11760 |       0 |   0.0 |      17 |       0 |   0.0
    Slime:5 |   11656 |   30024 |  72.0 |      13 |      12 |  48.0
      Orc:1 |    2829 |    2051 |  42.0 |      19 |       2 |   9.5
      Orc:2 |    4328 |   13239 |  75.4 |      28 |      74 |  72.5
      Elf:1 |    7301 |   11328 |  60.8 |      14 |      15 |  51.7
      Elf:2 |    8877 |    2685 |  23.2 |      18 |       3 |  14.3
      Elf:3 |   13395 |   59018 |  81.5 |      29 |      46 |  61.3
   Vaults:1 |   26615 |   22813 |  46.2 |      45 |      34 |  43.0
   Vaults:2 |   21058 |   19689 |  48.3 |      34 |      23 |  40.4
   Vaults:3 |   30483 |   46545 |  60.4 |      64 |      57 |  47.1
   Vaults:4 |   52384 |   41112 |  44.0 |      79 |      50 |  38.8
   Depths:1 |   21058 |   19143 |  47.6 |      24 |      10 |  29.4
   Depths:2 |   38701 |   16898 |  30.4 |      48 |      10 |  17.2
   Depths:3 |   29190 |   17190 |  37.1 |      37 |      16 |  30.2
   Depths:4 |   34533 |    3498 |   9.2 |      37 |      18 |  32.7
   Depths:5 |   18903 |   20776 |  52.4 |      22 |      29 |  56.9
      Zot:1 |    4708 |    3782 |  44.5 |       4 |       2 |  33.3
      Zot:2 |   18835 |     177 |   0.9 |      12 |       1 |   7.7
      Zot:3 |    3868 |       0 |   0.0 |       1 |       0 |   0.0
      Zot:4 |   25612 |   20033 |  43.9 |      21 |       3 |  12.5
      Zot:5 |   46173 |  140476 |  75.3 |      31 |      43 |  58.1
      IceCv |       0 |    3209 | 100.0 |       0 |      11 | 100.0
    Volcano |       0 |      37 | 100.0 |       0 |       1 | 100.0
     WizLab |       0 |   26739 | 100.0 |       0 |      55 | 100.0
            +---------+---------+-------+---------+---------+-------
